cohdb
Replays
Latest Replays
All Replays
Popular Replays
Top Player Replays
Match Explorer
How It Works
Community
CoH3 Stats
Reddit
Sign in to upload your games and track your stats! →
Sign in with Steam
Match 46091181
Unlisted
Match 46091181
Overview
Messages
Build Orders
End
Scout Squad
Construct Barracks
Selects Armored Battlegroup
Selects Veteran Crews
1⁄4-ton 4x4 Truck
Riflemen Squad
Riflemen Squad
Grenade Package
Infantry Support Center
Riflemen Squad
Construct Medical Station
Construct Motor Pool
Construct Motor Pool
M8 Greyhound Armored Car
M1 Anti-tank Gun Team
Selects Fast Deploy
Selects M8 Scott SPG
Engineer Squad
Construct Weapon Support Center
Construct Tank Depot
Riflemen Squad
Selects UNKNOWN (2160077)
M4A3E8 Sherman Easy Eight
Selects Field Repairs
Selects War Machine
M18 Hellcat Tank Destroyer
M1919 Machine Gun Team
M18 Hellcat Tank Destroyer
M4A3E8 Sherman Easy Eight
M4A3E8 Sherman Easy Eight
Desert Fox
Nostalgi@
0
0
Comments
sign in to comment!
No comments posted yet!